 Dungeon Crawl Stone Soup version 0.29-a0-352-g0917bc69df (webtiles) character file.

Game seed: 8658275718893877558

151 Warped the Chopper (level 5, -2/41 HPs)
             Began as a Formicid Fighter on Apr 23, 2022.
             Slain by an iguana (10 damage)
             ... on level 4 of the Dungeon.
             The game lasted 00:02:17 (3235 turns).

Warped the Chopper (Formicid Fighter)               Turns: 3235, Time: 00:02:18

Health: -2/41      AC:  6    Str: 23    XL:     5   Next: 59%
Magic:  5/5        EV:  9    Int:  7    God:
Gold:   96         SH:  4    Dex: 10    Spells: 4/4 levels left

rFire   . . .      SeeInvis +   a - +0 war axe
rCold   . . .      Faith    +   c - +0 buckler
rNeg    . . .      Spirit   .   b - +0 scale mail
rPois   .          Reflect  .   (helmet unavailable)
rElec   .          Harm     .   (no cloak)
rCorr   .          Rampage  .   (no gloves)
Will    +....                   (no boots)
Stlth   ..........              i - amulet of faith
HPRegen 0.13/turn               l - ring of willpower
MPRegen 0.09/turn               (no ring)

@: no status effects
A: permanent stasis, dig shafts and tunnels, antennae 3, four strong arms
a: Dig, Shaft Self


You were on level 4 of the Dungeon.
You visited 1 branch of the dungeon, and saw 4 of its levels.

You collected 96 gold pieces.

Inventory:

Hand Weapons
 a - a +0 war axe (weapon)
Missiles
 h - 71 stones
 u - 5 boomerangs
Armour
 b - a +0 scale mail (worn)
 c - a +0 buckler (worn)
 k - a +0 plate armour
 p - the +1 ring mail "Gar Uxav" {Str+4 Slay-3}
   (You found it on level 2 of the Dungeon)

   Str:       It affects your strength (+4).
   Slay:      It affects your accuracy & damage with ranged weapons and melee
   (-3).
Jewellery
 i - an amulet of faith (around neck)
 l - a ring of willpower (left hand)
Wands
 q - a wand of polymorph (4)
Scrolls
 e - 2 scrolls of blinking {unknown}
 f - 6 scrolls of identify {unknown}
 g - 4 scrolls of teleportation {unknown}
 m - 2 scrolls of magic mapping {unknown}
 n - a scroll of vulnerability {unknown}
 o - a scroll of silence {unknown}
 r - a scroll of immolation {unknown}
 w - a scroll of enchant weapon {unknown}
 x - a scroll of fear {unknown}
Potions
 d - a potion of might
 j - 3 potions of lignification {unknown}
 s - a potion of attraction {unknown}
 t - 3 potions of curing {unknown}
 v - a potion of mutation {unknown}


   Skills:
 - Level 3.2 Fighting
 + Level 5.3 Axes
 - Level 3.2 Armour
 - Level 3.6 Shields


You had 4 spell levels left.
You didn't know any spells.
Your spell library contained the following spells:

 Spells                   Type           Power      Damage    Failure   Level
 Beastly Appendage        Tmut           0%         N/A       82%         1
 Wereblood                Tmut           0%         N/A       91%         2
 Spider Form              Tmut/Pois      0%         N/A       99%         3


Dungeon Overview and Level Annotations

Branches:
Dungeon (4/15)
 Temple: D:4-7

Altars:
Fedhas
Gozag
Nemelex Xobeh

Shops:
D:2 ===?


Innate Abilities, Weirdness & Mutations

You cannot be hasted, slowed, berserked, paralysed or teleported.
You can dig through walls and to a lower floor.
You have a pair of large antennae on your head. (SInv)
Your four strong arms can wield two-handed weapons with a shield.


Message History

j - 3 red potions (gained 1)
You now have 96 gold pieces (gained 8).
An iguana comes into view.
The iguana hisses angrily.
An iguana is nearby!
An iguana is nearby!
The iguana closely misses you.
An iguana is nearby!
You barely miss the iguana. The iguana bites you!
An iguana is nearby!
You hit the iguana.
The iguana is lightly wounded.
The iguana bites you.
An iguana is nearby!
You barely miss the iguana.
The iguana is lightly wounded.
The iguana bites you.
An iguana is nearby!
You closely miss the iguana.
The iguana is lightly wounded.
The iguana bites you! The iguana bites you.
An iguana is nearby!
You are too injured to fight recklessly!
An iguana is nearby!
You are too injured to fight recklessly!
An iguana is nearby!
You are too injured to fight recklessly!
You are too injured to fight recklessly!
You are too injured to fight recklessly!
You closely miss the iguana.
The iguana is lightly wounded.
The iguana barely misses you.
You barely miss the iguana.
The iguana is lightly wounded.
The iguana bites you!
* * * LOW HITPOINT WARNING * * *
You hit the iguana.
The iguana is heavily wounded.
The iguana bites you!
You die...

## #. ##.## #...#######
#####..l.......
...#..@.......
#####.#..........
.#######.........#######
.#.......#.#.#...#
.#.....<.........#
.######..#.#)#..##
#.........# #..#.#.#..##
##.........#


You could see an iguana.

Vanquished Creatures
  An orc priest (D:3)
  Jessica (D:2)
  Robin (D:2)
  3 worms
  A dart slug (D:3)
  9 orcs
  7 ball pythons
  3 endoplasms (D:1)
  A giant cockroach (D:3)
  6 hobgoblins
  3 jackals (D:2)
  3 kobolds
  4 quokkas
  4 bats
  2 frilled lizards
  10 goblins
  3 rats
62 creatures vanquished.

Notes
Turn   | Place    | Note
-------+----------+-------------------------------------------
     0 | D:1      | Warped the Formicid Fighter began the quest for the Orb.
     0 | D:1      | Reached XP level 1. HP: 18/18 MP: 1/1
    49 | D:1      | Found a faded altar of an unknown god.
   358 | D:1      | Reached XP level 2. HP: 24/24 MP: 2/2
   647 | D:1      | Reached skill level 3 in Axes
   865 | D:2      | Found Niweuf's Jewellery Boutique.
   888 | D:2      | Reached XP level 3. HP: 21/29 MP: 3/3
  1048 | D:2      | Noticed Jessica
  1050 | D:2      | Killed Jessica
  1051 | D:2      | Reached skill level 4 in Axes
  1051 | D:2      | Reached XP level 4. HP: 35/35 MP: 4/4
  1101 | D:2      | Found Githraora's Jewellery Shop.
  1101 | D:2      | Found Riexin's Jewellery Boutique.
  1188 | D:2      | Found a blossoming altar of Fedhas.
  1207 | D:2      | Identified the +1 ring mail "Gar Uxav" {Str+4 Slay-3}
  1327 | D:2      | Found Kuunepp's Magic Scroll Boutique.
  1385 | D:2      | Noticed Robin
  1394 | D:2      | Killed Robin
  2068 | D:3      | Reached XP level 5. HP: 34/41 MP: 5/5
  2083 | D:3      | Found an opulent altar of Gozag.
  2083 | D:3      | Found a sparkling altar of Nemelex Xobeh.
  2213 | D:3      | Reached skill level 5 in Axes
  3235 | D:4      | Slain by an iguana

Illustrated notes

Levels and vault maps discovered:
D:1:      dpeg_arrival_ternary, layout_basic,
          shapermc_ecumenical_altar_notcrosses, minmay_misc_feat_five
D:2:      layout_loops_ring, serial_shops, shop, shop, nicolae_shop_crystal,
          nicolae_diamond_shop, basic_altar, dreamdust_princess_corridor,
          minmay_statues_item, uniq_robin, uniq_jessica
D:3:      layout_loops_corners, grunt_temple_overflow_opulence
D:4:      layout_loops_ring, gammafunk_temple_overflow_claw, elyvilon_altar_5,
          serial_shops, nicolae_shop_crystal, serial_co_window_serial,
          co_window_paths_a, co_window_corner_a, co_window_corner_a,
          co_window_paths_a, co_window_paths_a, co_window_corner_b,
          co_window_broadway_b, co_window_corner_ca, co_window_paths_c,
          co_window_cross_2, glass_columns_b, glass_columns_a, glass_columns_a

Skill      XL: |  1  2  3  4  5 |
---------------+----------------+-----
Axes           | 3 4 5 |  5.3
Fighting       | |  3.2
Armour         | |  3.2
Shields        | |  3.6

Action                   |  1- 3 |  4- 6 || total
-------------------------+-------+-------++-------
Melee: War axe           |    67 |    96 ||   163
Armor: Scale mail        |    30 |    36 ||    66
Dodge: Dodged            |    33 |    34 ||    67
Block: Buckler           |    19 |    21 ||    40

Table legend: (Time is in decaauts)
 A = Elapsed time spent in this place.
 B = Non-inter-level travel time spent in this place.
 C = Inter-level travel time spent in this place.
 D = Time resting spent in this place.
 E = Time spent auto-exploring this place.
 F = Levels seen in this place.
 G = Mean time per level.
                   A        B        C        D        E       F      G
               +--------+--------+--------+--------+--------+-----+--------+
         Total |   3290 |   3204 |     86 |    374 |   2305 |   4 |  822.5 |
       Dungeon |   3290 |   3204 |     86 |    374 |   2305 |   4 |  822.5 |
               +--------+--------+--------+--------+--------+-----+--------+

Top non-repeatable levels by time:
     D:2: 1263 daAuts
     D:3: 1157 daAuts
     D:1: 842 daAuts
     D:4: 27 daAuts
